 Dungeon Crawl Stone Soup version 0.25.0-8-gfd19cd77bd (webtiles) character file.

Game seed: 6725745691436811445

251680 Majang the Severer (level 20, -8/155 HPs)
             Began as a Formicid Fighter on June 15, 2020.
             Was the Champion of Makhleb.
             Mangled by a tentacled monstrosity (12 damage)
             ... on level 1 of the Elven Halls on June 16, 2020.
             The game lasted 04:22:39 (38584 turns).

Majang the Severer (Formicid Fighter)              Turns: 38584, Time: 04:22:40

Health: -8/155     AC:  6    Str: 28    XL:     20   Next: 46%
Magic:  29/29      EV: 17    Int: 10    God:    Makhleb [******]
Gold:   693        SH: 18    Dex: 10    Spells: 19/19 levels left

rFire    . . .     SeeInvis +   a - +7 battleaxe (vamp)
rCold    . . .     Gourm    .   G - +0 kite shield of Gehenna {MR+ Stlth+}
rNeg     . . .     Faith    .   (no armour)
rPois    .         Spirit   .   (helmet unavailable)
rElec    .         Reflect  +   v - scarf {repulsion}
rCorr    .         Harm     .   I - +1 pair of gloves "Taupno" {Slay+2}
MR       +++..                  (no boots)
Stlth    ++........             Q - amulet of reflection
HPRegen  0.35/turn              N - +4 ring of protection
MPRegen  0.21/turn              u - +4 ring of evasion

@: mighty, constricted, heavily drained, repel missiles
A: permanent stasis, dig shafts and tunnels, four strong arms, antennae 3,
blurry vision 1
}: 2/15 runes: decaying, serpentine
a: Dig, Shaft Self, Minor Destruction, Lesser Servant of Makhleb, Major
Destruction, Greater Servant of Makhleb, Renounce Religion


You were on level 1 of the Elven Halls.
You worshipped Makhleb.
Makhleb was exalted by your worship.
You were not hungry.

You visited 7 branches of the dungeon, and saw 33 of its levels.
You also visited: Bailey and Gauntlet.

You collected 2729 gold pieces.
You spent 2036 gold pieces at shops.

Inventory:

Hand Weapons
 a - a +7 vampiric battleaxe (weapon)
 b - a +5 battleaxe of flaming
 c - the +8 whip "Snakebite" {curare, rPois}
   (You found it on level 5 of the Lair of Beasts)

   It poisons the flesh of those it strikes.
   It protects you from poison.
 p - a +2 flail of holy wrath
Armour
 j - the +1 cloak "Uhuh" {rF+}
   (You found it on level 11 of the Dungeon)

   It protects you from fire.
 v - a scarf of repulsion (worn)
 E - a +2 plate armour of cold resistance
 G - the +0 kite shield of Gehenna (worn) {MR+ Stlth+}
   (You bought it in a shop on level 2 of the Orcish Mines)

   It affects your resistance to hostile enchantments.
   It makes you more stealthy.
 I - the +1 pair of gloves "Taupno" (worn) {Slay+2}
   (You bought it in a shop on level 2 of the Orcish Mines)

   It affects your accuracy and damage with ranged weapons and melee attacks
   (+2).
 K - the +1 ring mail "Rimex" {rF++}
   (You found it on level 7 of the Dungeon)

   It greatly protects you from fire.
 W - a +3 chain mail
Jewellery
 s - an uncursed ring of ice
 u - a +4 ring of evasion (right hand)
 J - an uncursed ring of protection from fire
 N - a +4 ring of protection (left hand)
 Q - an amulet of reflection (around neck)
Wands
 i - a wand of disintegration (14)
 o - a wand of paralysis (24)
 z - a wand of enslavement (13)
 A - a wand of random effects (41)
 D - a wand of polymorph (12)
 M - a wand of acid (24)
 U - a wand of flame (51)
 Y - a wand of iceblast (21)
Scrolls
 e - 11 scrolls of identify
 g - 3 scrolls of fear
 h - 2 scrolls of summoning
 k - 3 scrolls of magic mapping
 l - 5 scrolls of fog
 t - 3 scrolls of enchant armour
 x - a scroll of immolation
 C - a scroll of silence
 F - 13 scrolls of remove curse
 T - a scroll of holy word
Potions
 m - 13 potions of curing
 n - 3 potions of heal wounds
 q - 2 potions of resistance
 r - 13 potions of mutation
 B - 5 potions of brilliance
 H - 7 potions of flight
 O - 2 potions of invisibility
 P - 4 potions of stabbing
 R - 2 potions of cancellation
Miscellaneous
 y - a phantom mirror
 L - a tin of tremorstones (3/3)
 V - a lightning rod (4/4)
Comestibles
 d - 14 chunks of flesh
 f - 45 rations


   Skills:
 + Level 12.9(11.3) Fighting
 * Level 15.9(16.4) Axes
 * Level 15.3(16.1) Maces & Flails
 + Level 12.8(11.2) Armour
 + Level 10.5(9.0) Dodging
 + Level 13.7(12.1) Shields
 + Level 13.0(11.5) Invocations
 + Level 11.5(10.0) Evocations


You had 19 spell levels left.
You didn't know any spells.
Your spell library contained the following spells:

 Spells                   Type           Power        Failure   Level  Hunger
 Animate Skeleton         Necr           N/A          36%         1    ##.....
 Corona                   Hex            #......      36%         1    ##.....
 Freeze                   Ice            #...         36%         1    ##.....
 Magic Dart               Conj           #...         36%         1    ##.....
 Pain                     Necr           #...         36%         1    ##.....
 Sandblast                Erth           #.....       36%         1    ##.....
 Sting                    Tmut/Pois      #...         36%         1    ##.....
 Summon Small Mammal      Summ           #...         36%         1    ##.....
 Call Imp                 Summ           #.......     50%         2    ###....
 Ensorcelled Hibernation  Hex/Ice        #.....       50%         2    ###....
 Passwall                 Tmut/Erth      #.......     50%         2    ###....
 Poisonous Vapours        Pois/Air       #.....       50%         2    ###....
 Searing Ray              Conj           #.....       50%         2    ###....
 Call Canine Familiar     Summ           #.......     75%         3    ####...
 Confusing Touch          Hex            #.......     75%         3    ####...
 Conjure Flame            Conj/Fire      #.......     75%         3    ####...
 Dazzling Flash           Conj/Hex       #.....       75%         3    ####...
 Frozen Ramparts          Ice            #.....       75%         3    ####...
 Gell's Gravitas          Tloc           #.........   75%         3    ####...
 Ignite Poison            Fire/Tmut/Pois #.......     75%         3    ####...
 Mephitic Cloud           Conj/Pois/Air  #.......     75%         3    ####...
 Ozocubu's Armour         Chrm/Ice       #.......     75%         3    ####...
 Stone Arrow              Conj/Erth      #.....       75%         3    ####...
 Summon Guardian Golem    Hex/Summ       #.......     75%         3    ####...
 Tukima's Dance           Hex            #.......     75%         3    ####...
 Vampiric Draining        Necr           #.........   75%         3    ####...
 Animate Dead             Necr           N/A          98%         4    #####..
 Fulminant Prism          Conj/Hex       #.........   98%         4    #####..
 Hailstorm                Conj/Ice       #.......     98%         4    #####..
 Iskenderun's Mystic Bla  Conj/Tloc      #.......     98%         4    #####..
 Olgreb's Toxic Radiance  Pois           #.......     98%         4    #####..
 Petrify                  Tmut/Erth      #.......     98%         4    #####..
 Summon Ice Beast         Ice/Summ       #.......     98%         4    #####..
 Summon Lightning Spire   Summ/Air       #.......     98%         4    #####..
 Agony                    Necr           #.......     100%        5    ######.
 Bolt of Magma            Conj/Fire/Erth #.........   100%        5    ######.
 Iskenderun's Battlesphe  Conj/Chrm      #.......     100%        5    ######.
 Lee's Rapid Deconstruct  Erth           #.........   100%        5    ######.
 Metabolic Englaciation   Hex/Ice        #.........   100%        5    ######.
 Silence                  Hex/Air        #.........   100%        5    ######.
 Yara's Violent Unravell  Hex/Tmut       #.........   100%        5    ######.
 Conjure Ball Lightning   Conj/Air       #.........   100%        6    #######
 Freezing Cloud           Conj/Ice/Air   #.........   100%        6    #######
 Iron Shot                Conj/Erth      #.........   100%        6    #######
 Orb of Destruction       Conj           #.........   100%        7    #######
 Ring of Flames           Chrm/Fire      #.........   100%        7    #######
 Spellforged Servitor     Conj/Summ      #.........   100%        7    #######
 Tornado                  Air            #.........   100%        9    #######


Dungeon Overview and Level Annotations

Branches:
Dungeon (15/15)            Temple (1/1) D:4            Lair (6/6) D:8
  Swamp (4/4) Lair:2        Snake (4/4) Lair:3        Slime (0/5) Lair:6
    Orc (2/2) D:9             Elf (1/3) Orc:2        Vaults (0/5) D:13
 Depths (0/5) D:15         Bailey (visited)         Gauntlet (visited)

Altars:
Ashenzari
Cheibriados
Dithmenos
Elyvilon
Fedhas
Gozag
Hepliaklqana
Kikubaaqudgha
Makhleb
Nemelex Xobeh
Okawaru
Qazlal
Ru
Sif Muna
Trog
Uskayaw
Vehumet
Wu Jian
Xom
Yredelemnul
Zin
The Shining One
Beogh
Jiyva

Shops:
D:12 (   D:14 (   D:15 :   Orc:2 [=:[   Snake:1 (:*   Snake:3 =

Portals:
Abyss: Lair:1
Trove: D:12 (show slimy rune of Zot)

Annotations:
Lair:1 2 transporters, Sar's ghost, journeyman VSWz
Lair:3 exclusion: oklob plant
Lair:4 exclusion: 4 oklob plants
Snake:2 1 transporter


Innate Abilities, Weirdness & Mutations

You cannot be hasted, slowed, berserked, paralysed or teleported.
You can dig through walls and to a lower floor.
Your four strong arms can wield two-handed weapons with a shield.
You have a pair of large antennae on your head. (SInv)
Scrolls take you a little longer to read.


Message History

You slice the tentacled monstrosity!!
The tentacled monstrosity is heavily wounded.
You block the tentacled monstrosity's attack.
The tentacled monstrosity misses you.
You block the tentacled monstrosity's attack. x2
You slash the tentacled monstrosity!
The tentacled monstrosity is heavily wounded.
The tentacled monstrosity tentacle-slaps you!
* * * LOW HITPOINT WARNING * * *
The tentacled monstrosity closely misses you.
The tentacled monstrosity tentacle-slaps you!
* * * LOW HITPOINT WARNING * * *
The tentacled monstrosity grabs you.
* * * LOW HITPOINT WARNING * * *
The tentacled monstrosity constricts you!
You slash the tentacled monstrosity!
The tentacled monstrosity is heavily wounded.
The tentacled monstrosity closely misses you.
The tentacled monstrosity tentacle-slaps you!
You die...

.......###..####.#.....
.......................
.......###..####)#.....
...^.####..###...#....
#...}...##.....# .
#......####...##
#.###..##### ##.##
#......# #.# ##.###@#
#.# ###.X##X# ##'##
#...{{XX# ##...##
###''X### ##.....##
#..!..XX# ##.......###
#.#..!#X# #..>........
#...#...# +...........
#.#ยง..#.# #...........
##.#.#.## ##.......###


You could see a tentacled monstrosity and 6 large abominations.

Vanquished Creatures
  Vashnia (Snake:2)
  Nikola (Swamp:3)
  2 tentacled monstrosities (Elf:1)
  2 thorn hunters (Swamp:4)
  17 nagarajas
  An orc warlord (Orc:2)
  6 dire elephants (Lair:6)
  An ettin (D:15)
  Josephine (Swamp:1)
  A deep elf death mage (Elf:1)
  23 hydras
  Fannar (D:11)
  15 naga warriors
  3 catoblepae
  7 anacondas
  Harold (D:9)
  2 shambling mangroves
  2 centaur warriors
  4 ghost crabs
  6 two-headed ogres
  The ghost of happy the Slicer, a journeyman KoTm of Okawaru (D:14)
  Erica (Lair:2)
  A queen ant (Lair:2)
  9 alligators
  Urug (D:10)
  4 orc high priests (Orc:2)
  4 shock serpents
  3 tengu warriors
  14 naga sharpshooters
  3 deep elf knights
  3 skeletal warriors (D:15)
  A salamander mystic (Snake:2)
  2 unseen horrors
  3 spriggan druids
  11 naga ritualists
  3 deep elf archers
  11 swamp dragons
  A wizard (D:13)
  Pikel (D:4)
  14 deep elf magi (Elf:1)
  6 orc knights
  11 mana vipers
  6 cyclopes
  4 orc sorcerers
  A necromancer (D:13)
  2 manticores
  5 ugly things
  15 salamanders
  19 elephants
  Maurice (D:9)
  17 guardian serpents
  13 naga magi
  42 black mambas
  24 spiny frogs
  A gargoyle (D:14)
  A torpor snail (Lair:3)
  6 rime drakes
  11 komodo dragons
  2 tengu conjurers
  8 trolls
  A meliai (D:14)
  12 hornets
  A queen bee (D:14)
  3 polar bears
  17 slime creatures
  A hornet (shapeshifter) (D:15)
  7 tyrant leeches
  A bog body (Swamp:2)
  6 dream sheep (Lair:4)
  9 blink frogs
  14 hippogriffs
  An air elemental (Elf:1)
  5 spriggans
  2 shadows
  61 yaks
  6 wraiths
  2 wyverns
  A golden eye (shapeshifter) (D:14)
  Grum (D:11)
  16 vampire mosquitoes
  A fire elemental (Elf:1)
  Menkaure (D:7)
  3 hungry ghosts
  2 soldier ants (Lair:2)
  2 acid dragons (D:11)
  A warg (Orc:2)
  9 insubstantial wisps
  8 swamp worms
  46 nagas
  16 water moccasins
  Duvessa (D:7)
  9 porcupines
  6 ice beasts
  36 orc warriors
  2 sky beasts
  3 slaves (D:4)
  A hornet zombie (D:11)
  2 phantoms (D:6)
  15 swamp drakes
  2 necrophages
  6 black bears
  38 wolves
  18 ogres
  22 centaurs
  12 crocodiles
  2 big kobolds
  26 bullfrogs
  A gnoll sergeant (D:8)
  A wyvern zombie (D:12)
  Dowan (D:7)
  2 wyvern skeletons
  6 scorpions
  6 killer bees (D:14)
  11 wights
  6 howler monkeys
  7 crimson imps
  2 bullfrog zombies
  4 centaur zombies
  A quasit (D:5)
  28 orc priests
  2 bullfrog skeletons
  9 jellies
  3 centaur skeletons
  3 hounds
  20 orc wizards
  4 iguanas
  25 worker ants
  A hound zombie (D:9)
  A worker ant zombie (D:5)
  14 gnolls
  18 adders
  2 shadow imps
  5 oozes (D:9)
  An adder skeleton (D:6)
  4 worms
  2 dart slugs
  5 leopard geckos
  102 orcs
  7 bats
  5 giant cockroaches
  7 goblins
  6 hobgoblins
  6 jackals
  5 quokkas
  6 frilled lizards
  10 kobolds
  A leopard gecko zombie (D:5)
  A quokka skeleton (D:7)
  9 rats
  3 fungi (Swamp:2)
  4 plants
1207 creatures vanquished.

Vanquished Creatures (collateral kills)
  A slime creature (D:12)
  An elephant (Lair:6)
  An orc warrior (D:12)
  A bullfrog (D:12)
4 creatures vanquished.

Vanquished Creatures (others)
  Donald (Swamp:3)
  A naga warrior (Snake:2)
  27 fungi
  13 plants
42 creatures vanquished.

Grand Total: 1253 creatures vanquished

Notes
Turn   | Place    | Note
-------+----------+-------------------------------------------
     0 | D:1      | Majang the Formicid Fighter began the quest for the Orb.
     0 | D:1      | Reached XP level 1. HP: 18/18 MP: 1/1
   124 | D:1      | Reached XP level 2. HP: 24/24 MP: 2/2
   446 | D:1      | Reached XP level 3. HP: 30/30 MP: 3/3
   890 | D:2      | Reached XP level 4. HP: 37/37 MP: 4/4
  1710 | D:3      | Reached XP level 5. HP: 8/42 MP: 5/5
  2379 | D:3      | Reached skill level 1 in Dodging
  2488 | D:3      | Reached XP level 6. HP: 40/49 MP: 6/6
  3149 | D:4      | Reached skill level 1 in Maces & Flails
  3172 | D:4      | Noticed a slave
  3172 | D:4      | Noticed a slave
  3173 | D:4      | Noticed Pikel
  3190 | D:4      | Killed a slave
  3201 | D:4      | Killed a slave
  3322 | D:4      | Noticed a slave
  3354 | D:4      | Killed a slave
  3476 | D:4      | Killed Pikel
  3476 | D:4      | Reached skill level 5 in Fighting
  3476 | D:4      | Reached skill level 5 in Axes
  3476 | D:4      | Reached XP level 7. HP: 41/56 MP: 7/7
  3476 | D:4      | Reached XP level 8. HP: 46/62 MP: 8/8
  3578 | D:4      | Found a shadowy altar of Dithmenos.
  3654 | D:4      | Reached skill level 5 in Shields
  4097 | D:4      | Found a staircase to the Ecumenical Temple.
  4103 | Temple   | Entered the Ecumenical Temple
  4119 | Temple   | Became a worshipper of Makhleb the Destroyer
  4317 | D:4      | Found an ornate altar of the Wu Jian Council.
  4483 | D:5      | Entered Level 5 of the Dungeon
  4511 | D:5      | Found a shimmering altar of Xom.
  4798 | D:5      | Reached skill level 1 in Invocations
  5043 | D:5      | Reached XP level 9. HP: 66/68 MP: 10/10
  5230 | D:5      | Reached skill level 5 in Armour
  5315 | D:5      | Reached * piety under Makhleb
  5550 | D:5      | Found a bloodstained altar of Trog.
  5955 | D:6      | Found a burning altar of Makhleb.
  6438 | D:6      | Reached skill level 5 in Maces & Flails
  6553 | D:7      | Noticed Menkaure
  6556 | D:7      | Killed Menkaure
  6799 | D:7      | Noticed Duvessa
  6812 | D:7      | Killed Duvessa
  6820 | D:7      | Noticed Dowan
  6823 | D:7      | Killed Dowan
  6872 | D:7      | Found a flagged portal.
  6900 | Bailey   | Entered a bailey
  6900 | Bailey   | Noticed an orc knight
  7140 | D:7      | Got a bloodstained ring mail
  7141 | D:7      | Identified the +1 ring mail "Rimex" {rF++} (You found it on
                  | level 7 of the Dungeon)
  7432 | D:7      | Reached XP level 10. HP: 70/76 MP: 12/12
  7849 | D:8      | Reached skill level 1 in Evocations
  8076 | D:8      | Reached ** piety under Makhleb
  8264 | D:8      | Found a staircase to the Lair.
  8692 | Lair:1   | Entered Level 1 of the Lair of Beasts
  8744 | Lair:1   | Noticed a komodo dragon
  8751 | Lair:1   | Killed a komodo dragon
  8860 | Lair:1   | Found a transporter.
  8912 | Lair:1   | Identified the +10 spear of Aklidghy {distort, Str-5 Dex+7}
  8912 | Lair:1   | Noticed a spriggan rider
  8920 | Lair:1   | Noticed a yaktaur
  8921 | Lair:1   | Noticed a brown ugly thing
  8922 | Lair:1   | Noticed an unseen horror
  8922 | Lair:1   | a yaktaur changed into an unseen horror
  8924 | Lair:1   | Noticed a rust devil
  8929 | Lair:1   | Noticed a smoke demon
  8952 | Lair:1   | Got a faintly glowing quarterstaff
  8969 | Lair:1   | Found a gate leading to a gauntlet.
  8978 | Gauntlet | Entered a Gauntlet
  8978 | Gauntlet | Found a transporter.
  8985 | Gauntlet | Noticed a soul eater
  8986 | Gauntlet | Found a transporter.
  8989 | Gauntlet | Found a transporter.
  8990 | Gauntlet | Found a transporter.
  8993 | Gauntlet | Noticed a death ooze
  8998 | Gauntlet | Found a transporter.
  9001 | Gauntlet | Found a transporter.
  9002 | Gauntlet | Found a transporter.
  9009 | Gauntlet | Noticed an efreet
  9013 | Gauntlet | Found a transporter.
  9013 | Gauntlet | Found a transporter.
  9014 | Gauntlet | Found a transporter.
  9025 | Gauntlet | Found a transporter.
  9025 | Gauntlet | Found a transporter.
  9026 | Gauntlet | Found a transporter.
  9028 | Gauntlet | Noticed a brown ugly thing
  9028 | Gauntlet | Noticed a red ugly thing
  9031 | Gauntlet | Noticed a great orb of eyes
  9034 | Gauntlet | Found a transporter.
  9062 | Gauntlet | Noticed a green death
  9217 | Lair:1   | Noticed a komodo dragon
  9242 | Lair:1   | Killed a komodo dragon
  9518 | Lair:1   | Noticed a spiny frog
  9540 | Lair:1   | HP: 3/77 [spiny frog (17)]
  9546 | Lair:1   | Killed a spiny frog
  9689 | Lair:1   | Noticed an elephant
  9804 | Lair:1   | Noticed an elephant
  9815 | Lair:1   | Killed an elephant
  9815 | Lair:1   | Reached XP level 11. HP: 48/84 MP: 14/14
  9820 | Lair:1   | Killed an elephant
  9820 | Lair:1   | Reached skill level 5 in Invocations
  9829 | Lair:1   | Noticed an elephant
  9842 | Lair:1   | Killed an elephant
  9966 | Lair:1   | Noticed a five-headed hydra
  9979 | Lair:1   | HP: 2/84 [five-headed hydra (8)]
  9982 | Lair:1   | Killed a five-headed hydra
 10229 | Lair:1   | Found a transporter.
 10258 | Lair:1   | Found a one-way gate to the infinite horrors of the Abyss.
 10258 | Lair:1   | Noticed a rakshasa
 10259 | Lair:1   | Noticed Sar's ghost (journeyman VSWz)
 10445 | Lair:1   | Noticed an elephant
 10467 | Lair:1   | Killed an elephant
 10925 | Lair:2   | Noticed a queen ant
 10938 | Lair:2   | Killed a queen ant
 10938 | Lair:2   | Reached skill level 5 in Dodging
 11285 | Lair:2   | Identified the +3 quarterstaff of Zin's Felicitations
                  | {vorpal, rC+ Int+4} (You found it on level 1 of the Lair of
                  | Beasts)
 11309 | Lair:2   | Found a staircase to the Swamp.
 11309 | Lair:2   | Noticed Erica
 11334 | Lair:2   | Killed Erica
 11346 | Lair:2   | Reached XP level 12. HP: 79/92 MP: 16/16
 12386 | Lair:3   | Found a staircase to the Snake Pit.
 12494 | Lair:3   | Noticed a seven-headed hydra
 12505 | Lair:3   | Killed a two-headed hydra
 12505 | Lair:3   | Reached *** piety under Makhleb
 13151 | Lair:3   | Reached skill level 5 in Evocations
 13849 | Lair:4   | Reached skill level 10 in Axes
 14003 | Lair:4   | Noticed a five-headed hydra
 14051 | Lair:4   | Killed a four-headed hydra
 14138 | Lair:4   | Reached XP level 13. HP: 85/99 MP: 13/18
 14175 | Lair:4   | You fall into a shaft and drop 1 floor!
 14182 | Lair:5   | Noticed a catoblepas
 14207 | Lair:5   | Noticed a four-headed hydra
 14224 | Lair:5   | You fall into a shaft and drop 1 floor!
 14224 | Lair:6   | Entered Level 6 of the Lair of Beasts
 14261 | Lair:5   | Reached **** piety under Makhleb
 14364 | Lair:5   | Killed a catoblepas
 14690 | Lair:4   | Killed a one-headed hydra
 14936 | Lair:4   | Reached ***** piety under Makhleb
 15309 | Lair:5   | Reached skill level 10 in Maces & Flails
 15327 | Lair:5   | Noticed a catoblepas
 15514 | Lair:5   | Killed a catoblepas
 16042 | Lair:5   | Found the +8 whip "Snakebite" {curare, rPois}
 16293 | Lair:5   | Noticed a five-headed hydra
 16300 | Lair:5   | Killed a five-headed hydra
 16300 | Lair:5   | Reached XP level 14. HP: 108/108 MP: 16/20
 17326 | Lair:6   | Reached skill level 10 in Shields
 17394 | Lair:6   | Found a staircase to the Slime Pits.
 17396 | Lair:6   | Found a viscous altar of Jiyva.
 17973 | Lair:6   | Noticed a dire elephant
 17997 | Lair:6   | Killed a dire elephant
 18040 | Lair:6   | Noticed a dire elephant
 18040 | Lair:6   | Noticed a dire elephant
 18071 | Lair:6   | Killed a dire elephant
 18088 | Lair:6   | Killed a dire elephant
 18296 | Lair:6   | Noticed a dire elephant
 18324 | Lair:6   | Killed a dire elephant
 18373 | Lair:6   | Noticed a dire elephant
 18412 | Lair:6   | Killed a dire elephant
 18510 | Lair:6   | Noticed a dire elephant
 18529 | Lair:6   | Killed a dire elephant
 19179 | D:9      | Noticed Harold
 19186 | D:9      | Killed Harold
 19348 | D:9      | Found a staircase to the Orcish Mines.
 19434 | D:9      | Noticed Maurice
 19450 | D:9      | Killed Maurice
 19639 | Orc:1    | Entered Level 1 of the Orcish Mines
 19742 | Orc:1    | Reached XP level 15. HP: 115/115 MP: 19/21
 19947 | Orc:2    | Entered Level 2 of the Orcish Mines
 20266 | Orc:1    | Reached ****** piety under Makhleb
 20617 | Orc:2    | Reached skill level 10 in Fighting
 20658 | Orc:2    | Found a roughly hewn altar of Beogh.
 20854 | Orc:2    | Found Biofiw's Jewellery Emporium.
 20884 | Orc:2    | Found Huinolar's Antique Armour Shoppe.
 21432 | Orc:2    | Found a staircase to the Elven Halls.
 21745 | Orc:2    | Noticed an orc warlord
 21809 | Orc:2    | Killed an orc warlord
 22210 | Orc:2    | Found Itohegin's Armour Shoppe.
 22407 | Orc:2    | Reached skill level 10 in Armour
 22500 | Orc:2    | Found Aruwib's Book Emporium.
 22520 | Orc:2    | Found a roughly hewn altar of Beogh.
 22691 | Orc:2    | Bought a transparent kite shield for 218 gold pieces
 22691 | Orc:2    | Bought a pair of faintly glowing gloves for 218 gold pieces
 22691 | Orc:2    | Bought a pair of bloodstained gloves for 218 gold pieces
 22701 | Orc:2    | Identified the +1 pair of gloves "Taupno" {Slay+2} (You
                  | bought it in a shop on level 2 of the Orcish Mines)
 22711 | Orc:2    | Identified the cursed +0 pair of gloves of Waist {Dex+2}
                  | (You bought it in a shop on level 2 of the Orcish Mines)
 22721 | Orc:2    | Identified the cursed +0 kite shield of Gehenna {MR+
                  | Stlth+} (You bought it in a shop on level 2 of the Orcish
                  | Mines)
 22823 | D:10     | Entered Level 10 of the Dungeon
 22855 | D:10     | Noticed Urug
 22880 | D:10     | Killed Urug
 23481 | D:11     | Noticed Grum
 23492 | D:11     | Killed Grum
 23573 | D:11     | Got a heavily runed cloak
 23584 | D:11     | Identified the +1 cloak "Uhuh" {rF+} (You found it on level
                  | 11 of the Dungeon)
 24236 | D:11     | Noticed Fannar
 24254 | D:11     | Killed Fannar
 24538 | D:12     | Reached skill level 10 in Invocations
 24657 | D:12     | Reached XP level 16. HP: 122/122 MP: 23/23
 24859 | D:12     | Found a portal to a secret trove of treasure.
 25423 | D:12     | Found Itson's Antique Weapon Emporium.
 25431 | D:12     | Bought a glowing great mace for 266 gold pieces
 25856 | Snake:1  | Entered Level 1 of the Snake Pit
 26009 | Snake:1  | Found Gaotunom's General Store.
 26011 | Snake:1  | Found Ybluph's Book Shoppe.
 26013 | Snake:1  | Found Uwiahaf's Weapon Emporium.
 26024 | Snake:1  | Bought a +4 battleaxe of flaming for 606 gold pieces
 27174 | Snake:2  | Noticed a nagaraja
 27175 | Snake:2  | Noticed a nagaraja
 27179 | Snake:2  | Found a transporter.
 27180 | Snake:2  | Found a shimmering blue altar of Sif Muna.
 27181 | Snake:2  | Found the amulet of the Four Winds {rN+ MR+++ Clar}
 27186 | Snake:2  | Noticed a nagaraja
 27187 | Snake:2  | Noticed a nagaraja
 27247 | Snake:2  | Noticed a nagaraja
 27248 | Snake:2  | Noticed a nagaraja
 27250 | Snake:2  | Noticed a nagaraja
 27253 | Snake:2  | Noticed a nagaraja
 27478 | Snake:2  | Noticed Vashnia
 27559 | Snake:2  | Killed Vashnia
 27617 | Snake:2  | Reached XP level 17. HP: 131/131 MP: 25/25
 28494 | Snake:3  | Found Abriu's Jewellery Shop.
 28526 | Snake:3  | Bought an uncursed amulet of reflection for 510 gold pieces
 29617 | Snake:4  | Entered Level 4 of the Snake Pit
 30412 | Snake:4  | Reached skill level 10 in Evocations
 30412 | Snake:4  | Reached XP level 18. HP: 134/139 MP: 26/26
 30995 | Snake:4  | Got a serpentine rune of Zot
 31303 | Swamp:1  | Entered Level 1 of the Swamp
 31431 | Swamp:1  | Found a bloodstained altar of Trog.
 31697 | Swamp:1  | Noticed Josephine
 31708 | Swamp:1  | Killed Josephine
 31909 | Swamp:2  | Reached skill level 15 in Axes
 32033 | Swamp:2  | Reached XP level 19. HP: 146/146 MP: 28/28
 33108 | Swamp:3  | Noticed Nikola
 33111 | Swamp:3  | Noticed Donald
 33127 | Swamp:3  | Killed Donald
 33133 | Swamp:3  | Killed Nikola
 33148 | Swamp:3  | You fall into a shaft and drop 1 floor!
 33148 | Swamp:4  | Entered Level 4 of the Swamp
 33606 | Swamp:3  | Reached skill level 10 in Dodging
 34610 | Swamp:4  | Got a decaying rune of Zot
 34886 | Lair:1   | Upgraded the game from 0.25.0-3-gd7cc5688da to
                  | 0.25.0-8-gfd19cd77bd
 35077 | D:13     | Found a gate to the Vaults.
 36038 | D:14     | Noticed happy's ghost (journeyman KoTm)
 36039 | D:14     | Found a transporter.
 36043 | D:14     | Found a transporter.
 36119 | D:14     | Killed happy's ghost
 36128 | D:14     | Reached skill level 15 in Maces & Flails
 36242 | D:14     | Found Bofogof's Weapon Shoppe.
 36606 | D:14     | Reached XP level 20. HP: 155/155 MP: 29/29
 37089 | D:15     | Entered Level 15 of the Dungeon
 37089 | D:15     | Found Boffownau's Book Emporium.
 37188 | D:15     | Found a staircase to the Depths.
 37819 | Elf:1    | Entered Level 1 of the Elven Halls
 38348 | Elf:1    | Gained mutation: Scrolls take you a little longer to read.
                  | [a neqoxec]
 38508 | Elf:1    | Found a shimmering blue altar of Sif Muna.
 38557 | Elf:1    | Noticed a tentacled monstrosity
 38558 | Elf:1    | Found a runed translucent gate.
 38559 | Elf:1    | Found a runed translucent gate.
 38559 | Elf:1    | Found a runed translucent gate.
 38559 | Elf:1    | Noticed a tentacled monstrosity
 38560 | Elf:1    | Noticed a tentacled monstrosity
 38573 | Elf:1    | Killed a tentacled monstrosity
 38580 | Elf:1    | HP: 7/155 [tentacled monstrosity (12)]
 38581 | Elf:1    | Killed a tentacled monstrosity
 38584 | Elf:1    | Mangled by a tentacled monstrosity

Illustrated notes

Levels and vault maps discovered:
D:1:      onia_arrival_pyramid, layout_rooms, serial_park_tiny_pond,
          corner_web_ring, eino_curves_01
D:2:      layout_loops_ring, first_ration, kennysheep_another_room
D:3:      layout_loops_corners, bh_walls_and_bars
D:4:      layout_loops_ring, marbit_many_paths, minmay_temple_entry_hall,
          nicolae_dithmenos_the_darkroom, uniq_pikel
D:5:      layout_basic, basic_altar, serial_curves, eino_curves_02,
          eino_curves_01, eino_curves_01, grunt_decor_arrowhead, trog_book
D:6:      layout_loops_cross, basic_altar
D:7:      layout_basic, enter_bailey_2, uniq_duvessa, uniq_menkaure
D:8:      layout_loops_ring, grunt_lair_entry_orc_guard_hut
D:9:      minmay_razor_zed, layout_basic, hangedman_little_slice_of_home,
          uniq_maurice, uniq_harold
D:10:     layout_rooms, uniq_urug
D:11:     layout_loops_ring, minmay_joined_circles, uniq_fannar, uniq_grum
D:12:     layout_rooms, enter_trove_0, serial_shops, kennysheep_mini_moat,
          grunt_ministairs_6
D:13:     layout_gridville, david_vaults_1
D:14:     layout_basic, chequers_garden, serial_shops, shop,
          gammafunk_ghost_hive, chequers_serial_rivers_micro_e
D:15:     hangedman_depths_entry_civil_slaughter, layout_rooms, serial_shops,
          shop, minmay_misc_feat_tiny
Temple:   grunt_wide_crystal_templ
Lair:1:   statuecave_lemuel, layout_loops_ring, gauntlet_entry_generic,
          gammafunk_ghost_abyssal_escape, bh_autumn_forest_stairs
Lair:2:   layout_small_grid, swamp_mist_pool, minmay_another_anthill, uniq_erica
Lair:3:   layout_hall_layers, minmay_snake_entry_guardpost_small,
          grunt_megastairs_2, lemuel_fruit_tree, lemuel_fruit_fields,
          serial_bayou_shore_b
Lair:4:   layout_concentric_octagons, lemuel_fruit_fields, lemuel_fruit_fields,
          minmay_lair_oklob_chamber, grunt_megastairs_4
Lair:5:   minmay_guarded_unrand_snakebite, layout_regular_city,
          grunt_forest_large_clearings, grunt_megastairs_3
Lair:6:   due_jungle_book, layout_long_grid, slime_altar_1
Swamp:1:  layout_basic_swamp, lemuel_altar_in_water,
          infiniplex_staircase_pool_2, uniq_josephine
Swamp:2:  layout_basic_swamp, evilmike_swamp_ruin_rubble_2, swamp_pool1,
          water_boxes_lemuel
Swamp:3:  layout_falls_marsh, infiniplex_staircase_pool, uniq_donald,
          uniq_nikola
Swamp:4:  swamp_alternative, layout_basic_swamp, swamp_pool4, serial_swamp_ruin,
          evilmike_swamp_ruin_house_1, hangedman_swamp_ruin_wall,
          nicolae_swamp_treefoil
Snake:1:  layout_cave_shapes, minmay_shop_star
Snake:2:  gammafunk_sealed_library, layout_basic, st_stairs_9, uniq_vashnia
Snake:3:  layout_chambers, serial_shops, nicolae_shop_waterfront
Snake:4:  snake_hunt, layout_gridlike, grunt_megastairs_1
Orc:1:    layout_caves, nicolae_orc_bridge_out
Orc:2:    pubby_orc_utopia, serial_shops
Elf:1:    layout_loops_corners, basic_altar,
          ploomutoo_gammafunk_ghost_potion_laboratory, minmay_elf_demonology,
          kilobyte_rumbling_trees

Skill      XL: |  1  2  3  4  5  6  7  8  9 10 11 12 13 14 15 16 17 18 19 20 |
---------------+-------------------------------------------------------------+-----
Axes           | 3 4 5 6 7 8 9 10 11 12 13 14 15 | 15.9
Fighting       | 4 5 6 7 8 9 10 11 12 | 12.9
Shields        | 4 5 6 7 8 9 10 11 12 13 | 13.7
Dodging        | 1 2 3 4 5 6 7 8 9 10 | 10.5
Maces & Flails | 2 4 5 6 8 9 10 11 12 13 14 15 | 15.3
Armour         | 4 5 6 7 8 9 10 11 12 | 12.8
Invocations    | 1 3 4 6 7 8 9 10 11 12 13 | 13.0
Evocations     | 2 4 5 6 7 8 9 10 11 | 11.5

Action                   |  1- 3 |  4- 6 |  7- 9 | 10-12 | 13-15 | 16-18 | 19-21 || total
-------------------------+-------+-------+-------+-------+-------+-------+-------++-------
Melee: War axe           |   114 |   248 |    67 |       |       |       |       ||   429
       Flail             |       |       |   270 |   606 |   406 |    15 |       ||  1297
       Scimitar          |       |       |       |     7 |    13 |       |       ||    20
       Whip              |       |       |       |       |  1327 |   216 |       ||  1543
       Broad axe         |       |       |       |       |    19 |       |       ||    19
       Battleaxe         |       |       |       |       |     5 |  1216 |   800 ||  2021
Throw: Dart              |     1 |     2 |    16 |    12 |     1 |       |       ||    32
       Boomerang         |       |       |       |       |       |     1 |       ||     1
Invok: Minor Destruction |       |       |       |     4 |    61 |     8 |    56 ||   129
       Major Destruction |       |       |       |       |       |       |     7 ||     7
       Greater Servant o |       |       |       |       |       |       |     1 ||     1
 Abil: Dig               |       |    10 |    12 |    21 |    55 |    23 |     4 ||   125
       Shaft Self        |       |       |       |       |     1 |       |     1 ||     2
Evoke: Wand              |       |       |       |     7 |     5 |     7 |     2 ||    21
       Tin of tremorston |       |       |       |     2 |     3 |     2 |       ||     7
       Box of beasts     |       |       |       |       |     2 |     1 |       ||     3
       Lightning rod     |       |       |       |       |     2 |     2 |       ||     4
  Use: Potion            |       |     1 |       |     6 |     5 |     5 |     6 ||    23
       Scroll            |       |    10 |     6 |     2 |    13 |    17 |     4 ||    52
 Stab: Distracted        |       |     1 |       |       |     1 |     1 |       ||     3
       Petrified         |       |       |       |       |     2 |       |       ||     2
       Paralysed         |       |       |       |       |    10 |       |       ||    10
       Sleeping          |       |       |       |       |    10 |       |       ||    10
       Confused          |       |       |       |       |       |       |     1 ||     1
  Eat: Chunk             |       |    10 |    15 |    18 |    36 |    11 |    17 ||   107
       Ration            |       |       |       |     2 |     2 |     5 |     2 ||    11
Armor: Scale mail        |    35 |       |       |       |       |       |       ||    35
       Chain mail        |    26 |    72 |    87 |   127 |   134 |       |       ||   446
       Plate armour      |       |       |       |       |    70 |   277 |   205 ||   552
       Skin              |       |       |       |       |       |       |     8 ||     8
Dodge: Dodged            |    46 |    70 |   115 |   186 |   362 |   360 |   302 ||  1441
       Repelled          |       |     4 |     3 |     6 |    11 |    62 |    18 ||   104
Block: Kite shield       |    58 |   103 |   175 |   289 |   538 |   773 |   634 ||  2570
       Reflection        |       |       |       |       |       |    50 |    38 ||    88
       Rpst.: Scimitar   |       |       |       |     2 |     3 |       |       ||     5
